 Dungeon Crawl Stone Soup version 0.20.0-8-g6b59dc7 (webtiles) character file.

3732 GordonOverkill the Cleaver (level 9, -4/85 HPs)
             Began as a Minotaur Ice Elementalist on June 2, 2017.
             Was a Believer of Trog.
             Slain by Prince Ribbit (8 damage)
             ... on level 6 of the Dungeon.
             The game lasted 00:18:59 (11764 turns).

GordonOverkill the Cleaver (MiIE)                  Turns: 11764, Time: 00:19:00

Health: -4/85      AC:  8    Str: 16    XL:     9   Next: 92%
Magic:  10/10      EV:  6    Int: 12    God:    Trog [**....]
Gold:   491        SH:  4    Dex: 11    Spells: 9/10 levels left

rFire    . . .     SeeInvis .   s - +0 war axe
rCold    . . .     Gourm    .   (no shield)
rNeg     . . .     Faith    .   e - +0 chain mail
rPois    .         Spirit   .   (helmet restricted)
rElec    .         Reflect  .   (no cloak)
rCorr    .         Harm     .   (no gloves)
MR       .....                  (no boots)
Stlth    ..........             (no amulet)
Regen    0.3/turn               (no ring)
MPRegen  0.2/turn               (no ring)

@: heavily drained
A: retaliatory headbutt, horns 2, large bone plates 1, blurry vision 1, sense
surroundings 1
a: Berserk, Trog's Hand, Burn Spellbooks, Renounce Religion


You were on level 6 of the Dungeon.
You worshipped Trog.
Trog was pleased with you.
You were near starving.

You visited 2 branches of the dungeon, and saw 10 of its levels.

You collected 491 gold pieces.

Inventory:

Hand Weapons
 h - a +0 hand axe
 p - a +0 flail
 s - a +0 war axe (weapon)
Missiles
 b - a throwing net (quivered)
Armour
 a - a +0 plate armour
 e - a +0 chain mail (worn)
 w - the +5 large shield "Vaidipp" {rPois Str-5 Dex+5 Stlth+}
   (You found it on level 6 of the Dungeon)

   It affects your strength (-5).
   It affects your dexterity (+5).
   It protects you from poison.
   It makes you more stealthy.
Jewellery
 q - an uncursed amulet of faith
 t - an uncursed ring of fire
Wands
 g - a wand of iceblast (12/15)
 i - a wand of lightning (7/15)
Scrolls
 d - a scroll of remove curse
 f - 2 scrolls of magic mapping {unknown}
 j - 2 scrolls of recharging
 k - 11 scrolls of identify
 n - a scroll of summoning {unknown}
 o - a scroll of fear
 u - 2 scrolls of amnesia {unknown}
Potions
 l - a potion of flight {unknown}
 v - a potion of resistance
Comestibles
 c - 11 bread rations
 m - 4 meat rations


   Skills:
 + Level 9.8(8.3) Fighting
 * Level 13.3(11.6) Axes
 - Level 2.1(0.9) Dodging
 - Level 1.5(0.3) Stealth
 - Level 1.3(0.2) Spellcasting
   Level 0.6(0.0) Conjurations
 - Level 2.1(0.9) Ice Magic


You had 9 spell levels left.
You knew the following spells:

 Your Spells              Type           Power        Failure   Level  Hunger
a - Freeze                Ice            #...         99%         1    ##.....


Dungeon Overview and Level Annotations

Branches:
Dungeon (9/15)             Temple (1/1) D:5
   Lair: D:8-11         Orc: D:9-12

Altars:
Ashenzari
Cheibriados
Dithmenos
Elyvilon
Fedhas
Gozag
Hepliaklqana
Kikubaaqudgha
Makhleb
Nemelex Xobeh
Okawaru
Qazlal
Ru
Sif Muna
Trog
Uskayaw
Vehumet
Xom
Yredelemnul
Zin
The Shining One

Annotations:
D:6 Prince Ribbit


Innate Abilities, Weirdness & Mutations

You reflexively headbutt those who attack you in melee.
You have a pair of horns on your head.
You are partially covered in large bone plates. (SH +4)
Scrolls take you a little longer to read.
You passively map a small area around you.


Message History

There is a stone staircase leading up, spattered with blood here.
Prince Ribbit hits you.
* * * LOW HITPOINT WARNING * * *
You climb upwards.
You feel sick.
There is a stone staircase leading down here.
Okay, then.
Prince Ribbit catches a mosquito with his tongue.
Prince Ribbit blinks!
You feel sick.
You feel sick.
You feel sick.
You are no longer poisoned.
Prince Ribbit croaks regally.
Prince Ribbit blinks!
You are near starving!
You block Prince Ribbit's attack. Prince Ribbit hits you!
* * * LOW HITPOINT WARNING * * *
Prince Ribbit hits you!
You die...

........##...#
........######
#...........##
#.......###..#
.........F...####
........####....#########
........# ##.....##.....##
#.......###..............##
...#######.....F@...<.....#
#### #................#
#................#
#.<..............#
#................#
#................#
##..............## #
##.....##.....## #
##############


You could see Prince Ribbit.

Vanquished Creatures
  2 hippogriffs
  A wyvern (D:8)
  2 orc warriors (D:7)
  2 necrophages
  4 phantoms
  4 centaurs
  5 ogres
  3 bullfrogs
  A scorpion (D:5)
  4 killer bees (D:7)
  5 wights (D:8)
  A howler monkey (D:8)
  2 crimson imps (D:7)
  A bullfrog zombie (D:6)
  A hound (D:4)
  A jelly (D:8)
  2 centaur skeletons
  4 orc priests (D:7)
  7 orc wizards
  3 iguanas
  6 worker ants
  A hound zombie (D:5)
  A hound skeleton (D:8)
  A howler monkey zombie (D:5)
  Robin (D:3)
  3 gnolls (D:3)
  11 adders
  An ooze (D:1)
  2 adder skeletons
  2 worms (D:2)
  2 dart slugs
  4 leopard geckos
  33 orcs
  5 bats
  5 giant cockroaches
  2 gnoll zombies (D:7)
  17 goblins
  8 hobgoblins
  12 jackals
  3 ball pythons
  4 frilled lizards
  7 kobolds
  8 rats
194 creatures vanquished.

Notes
Turn   | Place    | Note
-------+----------+-------------------------------------------
     0 | D:1      | GordonOverkill the Minotaur Ice Elementalist began the quest for the Orb.
     0 | D:1      | Reached XP level 1. HP: 14/14 MP: 1/1
   170 | D:1      | Reached skill level 1 in Fighting
   227 | D:1      | Reached skill level 1 in Axes
   419 | D:1      | Reached XP level 2. HP: 23/23 MP: 3/3
   656 | D:1      | Reached skill level 2 in Axes
   966 | D:1      | Reached XP level 3. HP: 26/29 MP: 4/4
  1542 | D:2      | Reached skill level 3 in Axes
  2420 | D:3      | Reached XP level 4. HP: 37/37 MP: 5/5
  2659 | D:3      | Found an iron altar of Okawaru.
  2729 | D:3      | Found a faded altar of an unknown god.
  3088 | D:3      | Reached skill level 4 in Axes
  3204 | D:3      | Reached XP level 5. HP: 24/45 MP: 6/6
  3475 | D:3      | Noticed Robin
  3531 | D:3      | Reached skill level 5 in Axes
  3541 | D:3      | Killed Robin
  4175 | D:4      | Reached XP level 6. HP: 52/52 MP: 7/7
  4505 | D:4      | Reached skill level 6 in Axes
  4793 | D:5      | Entered Level 5 of the Dungeon
  4976 | D:5      | Reached skill level 5 in Fighting
  5107 | D:5      | Reached skill level 7 in Axes
  5107 | D:5      | Reached XP level 7. HP: 41/61 MP: 8/8
  5239 | D:5      | Found an opulent altar of Gozag.
  5434 | D:5      | Found a staircase to the Ecumenical Temple.
  5443 | Temple   | Entered the Ecumenical Temple
  5536 | Temple   | Became a worshipper of Trog the Wrathful
  5631 | D:5      | Found an opulent altar of Gozag.
  5916 | D:6      | Got a pitted large shield
  5922 | D:6      | Identified the +5 large shield "Vaidipp" {rPois Str-5 Dex+5 Stlth+} (You found it on level 6 of the Dungeon)
  5966 | D:6      | Reached skill level 8 in Axes
  6011 | D:6      | Found a snail-covered altar of Cheibriados.
  6081 | D:6      | Reached XP level 8. HP: 62/71 MP: 9/9
  6441 | D:7      | Reached skill level 9 in Axes
  6567 | D:7      | Noticed Prince Ribbit
  6901 | D:7      | Gained mutation: Scrolls take you a little longer to read. [potion of mutation]
  6901 | D:7      | Gained mutation: You passively map a small area around you. [potion of mutation]
  6901 | D:7      | Gained mutation: You are partially covered in large bone plates. (SH +4) [potion of mutation]
  7280 | D:7      | Reached skill level 10 in Axes
  8178 | D:6      | Reached skill level 11 in Axes
  8305 | D:7      | Reached * piety under Trog
  8310 | D:7      | Found a basalt altar of Yredelemnul.
  8423 | D:7      | Reached XP level 9. HP: 81/81 MP: 10/10
  8685 | D:7      | Noticed an angel
  8687 | D:7      | Found a shimmering altar of Xom.
  8689 | D:7      | Found a glowing silver altar of Zin.
  8738 | D:7      | Reached skill level 12 in Axes
 10771 | D:8      | Reached skill level 13 in Axes
 10955 | D:8      | Reached ** piety under Trog
 11762 | D:6      | HP: 3/85 [Prince Ribbit (7)]
 11764 | D:6      | Slain by Prince Ribbit

Skill      XL: |  1  2  3  4  5  6  7  8  9 |
---------------+----------------------------+-----
Fighting       | 1 2 3 4 5 6 8 9 |  9.8
Axes           | 1 2 3 4 5 7 8 11 13 | 13.3
Dodging        | |  2.1
Stealth        | |  1.5
Spellcasting   | |  1.3
Conjurations   | |  0.6
Ice Magic      | |  2.1

Action                   |  1- 3 |  4- 6 |  7- 9 || total
-------------------------+-------+-------+-------++-------
Melee: Hand axe          |   106 |   136 |       ||   242
       Unarmed           |     6 |       |       ||     6
       Mace              |     1 |       |       ||     1
       Headbutt          |    16 |    21 |    64 ||   101
       War axe           |       |   101 |   381 ||   482
 Cast: Freeze            |     2 |       |       ||     2
Invok: Burn Spellbooks   |       |       |     1 ||     1
       Berserk           |       |       |     1 ||     1
  Use: Scroll            |       |    10 |     2 ||    12
       Potion            |       |       |     4 ||     4
  Eat: Chunk             |     5 |     9 |    10 ||    24
       Fruit             |       |       |     6 ||     6
       Meat ration       |       |       |     1 ||     1
Armor: Robe              |    14 |       |       ||    14
       Scale mail        |    21 |    91 |       ||   112
       Chain mail        |       |    34 |   165 ||   199
       Skin              |       |       |    39 ||    39
Dodge: Dodged            |    92 |   110 |   123 ||   325
Block: Other             |       |       |    47 ||    47
